 Dungeon Crawl Stone Soup version 0.22-b1-21-g5cfc168 (webtiles) character file.

21 letownia2 the Insei (level 2, 0/21 HPs)
             Began as a Demonspawn Transmuter on Aug 3, 2018.
             Succumbed to an adder's poison
             ... on level 3 of the Dungeon.
             The game lasted 00:00:49 (164 turns).

letownia2 the Insei (Demonspawn Transmuter)          Turns: 164, Time: 00:00:50

Health: 0/21       AC:  3    Str: 10    XL:     2   Next: 65%
Magic:  4/5        EV: 11    Int: 14    God:
Gold:   24         SH:  0    Dex: 13    Spells: 4/5 levels left

rFire    . . .     SeeInvis .     - Unarmed
rCold    . . .     Gourm    .   (no shield)
rNeg     . . .     Faith    .   e - +0 leather armour
rPois    .         Spirit   .   (no helmet)
rElec    .         Reflect  .   (no cloak)
rCorr    .         Harm     .   (no gloves)
MR       .....                  (no boots)
Stlth    +.........             (no amulet)
HPRegen  0.07/turn              (no ring)
MPRegen  0.09/turn              (no ring)

@: lethally poisoned (0 -> -9)
A: demonic guardian 1
a: no special abilities


You were on level 3 of the Dungeon.
You were not hungry.

You visited 1 branch of the dungeon, and saw 3 of its levels.

You collected 24 gold pieces.

Inventory:

Missiles
 a - 12 arrows
Armour
 b - a +0 robe
 e - a +0 leather armour (worn)
Scrolls
 c - a scroll of blinking {unknown}
 f - a scroll of identify {unknown}
Potions
 g - a potion of might {unknown}
 h - a potion of haste {unknown}
Comestibles
 d - 2 rations


   Skills:
 - Level 1.0 Fighting
 - Level 1.7 Dodging
 + Level 3.6 Unarmed Combat
 - Level 2.0 Spellcasting
 - Level 1.7 Transmutations


You had 4 spell levels left.
You knew the following spells:

 Your Spells              Type           Power        Failure   Level  Hunger
a - Beastly Appendage     Tmut           #.....       16%         1    ##.....

Your spell library contained the following spells:

 Spells                   Type           Power        Failure   Level  Hunger
 Spider Form              Tmut/Pois      #.........   56%         3    ####...
 Blade Hands              Tmut           #.........   99%         5    ######.
 Ice Form                 Ice/Tmut       #.......     92%         4    #####..
 Sticks to Snakes         Tmut           #.......     24%         2    ###....


Dungeon Overview and Level Annotations

Branches:
Dungeon (3/15)

Altars:
Xom


Innate Abilities, Weirdness & Mutations

A weak demonic guardian rushes to your aid.


Message History

You hit the adder.
You kill the adder!
* * * LOW HITPOINT WARNING * * *
You feel sick.
* * * LOW HITPOINT WARNING * * *
You feel sick.
The altar is a mimic!
The altar mimic snickers and vanishes in a puff of smoke!
The rat bites you but does no damage.
Found 16 sling bullets.
Your talons disappear.
The rat bites you but does no damage.
* * * LOW HITPOINT WARNING * * *
You feel sick.
* * * LOW HITPOINT WARNING * * *
You feel sick. The rat closely misses you.
You hit the rat but do no damage. The rat bites you.
* * * LOW HITPOINT WARNING * * *
You punch the rat!
You kill the rat!
You die...

#..........
#.......... .
##.....(..###
...#...........
...#._..._...#
#.............#
#.............##.
#.......@....(...
#..._....†.._....
#................
#<............##.
##....)......#
#..._..._...#
#.)............
#..<.......>...
####...........


There were no monsters in sight!

Vanquished Creatures
  An adder (D:3)
  An ooze (D:2)
  A worm (D:2)
  A goblin (D:1)
  A hobgoblin (D:1)
  A kobold (D:2)
  A rat (D:3)
7 creatures vanquished.

Notes
Turn   | Place    | Note
-------+----------+-------------------------------------------
     0 | D:1      | letownia2 the Demonspawn Transmuter began the quest for the Orb.
     0 | D:1      | Reached XP level 1. HP: 15/15 MP: 3/3
    93 | D:2      | Reached skill level 3 in Unarmed Combat
    93 | D:2      | Gained mutation: A weak demonic guardian rushes to your aid. [demonic ancestry]
    93 | D:2      | Reached XP level 2. HP: 13/21 MP: 1/5
   147 | D:3      | Found a shimmering altar of Xom.
   147 | D:3      | Found a shimmering altar of Xom.
   147 | D:3      | Found a shimmering altar of Xom.
   147 | D:3      | Found a shimmering altar of Xom.
   147 | D:3      | Found a shimmering altar of Xom.
   151 | D:3      | Found a shimmering altar of Xom.
   151 | D:3      | Found a shimmering altar of Xom.
   163 | D:3      | HP: 1/21 [rat (2)]
   164 | D:3      | Succumbed to an adder's poison

Skill      XL: |  1 |
---------------+----+-----
Unarmed Combat | 3 |  3.6
Fighting       | |  1.0
Dodging        | |  1.7
Spellcasting   | |  2.0
Transmutations | |  1.7

Action                   || total
-------------------------++-------
Melee: Unarmed           ||    25
       Headbutt          ||     3
       Kick              ||     1
 Cast: Beastly Appendage ||     6
Armor: Leather armour    ||     2
Dodge: Dodged            ||    11
